 Dungeon Crawl Stone Soup version 0.23.2-40-g277498a001 (webtiles) character file.

Game seed: 8420360994271841769

44 Descartes the Ducker (level 3, 0/17 HPs)
             Began as a Felid Monk on Aug 20, 2019.
             Slain by an adder (4 damage)
             ... on level 1 of the Dungeon.
             The game lasted 00:03:56 (1862 turns).

Descartes the Ducker (Felid Monk)                   Turns: 1862, Time: 00:03:56

Health: 0/17       AC:  1    Str:  8    XL:     3   Next: 41%
Magic:  4/4        EV: 20    Int: 11    God:
Gold:   26         SH:  0    Dex: 18    Spells: 2/2 levels left
                                        Lives:  0   Deaths: 0

rFire    + . .     SeeInvis +     - Unarmed
rCold    + . .     Gourm    .   (shield unavailable)
rNeg     . . .     Faith    .   (armour unavailable)
rPois    +         Spirit   .   (helmet unavailable)
rElec    +         Reflect  .   (cloak unavailable)
rCorr    +         Harm     .   (gloves unavailable)
MR       .....                  (boots unavailable)
Stlth    ++........             (no amulet)
HPRegen  0.05/turn              d - ring of attention (curse)
MPRegen  0.09/turn              (no ring)

@: lethally poisoned (0 -> -4), resistant, quick
A: very small, no armour, no weapons or thrown items, stealth, claws 1, fangs 3,
see invisible, carnivore, speed 1, shaggy fur 1, slow metabolism 1, sharp paws
a: no special abilities


You were on level 1 of the Dungeon.
You were completely stuffed.

You visited 1 branch of the dungeon, and saw 2 of its levels.

You collected 26 gold pieces.

Inventory:

Missiles
 k - 16 arrows
Jewellery
 d - a cursed ring of attention (left paw)
Scrolls
 e - 2 scrolls of identify {unknown}
 g - a scroll of remove curse {unknown}
 i - a scroll of blinking {unknown}
 j - a scroll of fear {unknown}
 n - a scroll of teleportation {unknown}
Potions
 f - 2 potions of brilliance
Comestibles
 a - 3 rations
 h - 17 chunks of flesh


   Skills:
 + Level 3.2 Fighting
 * Level 4.7 Dodging
 * Level 3.6 Stealth
 * Level 3.4 Unarmed Combat


You had 2 spell levels left.
You didn't know any spells.
Your spell library was empty.

Dungeon Overview and Level Annotations

Branches:
Dungeon (2/15)

Altars:


Innate Abilities, Weirdness & Mutations

You cannot wear armour.
You are incapable of wielding weapons or throwing items.
Your paws allow you to move quietly. (Stealth)
You have sharp claws.
You have razor-sharp teeth.
You have supernaturally acute eyesight. (SInv)
You are carnivorous and can eat meat at any time.
You cover ground quickly.
You are covered in fur. (AC +1)
You have a slow metabolism.
Your sharp claws are effective at attacking unaware monsters.


Message History

The leopard gecko bites you.
You are too injured to fight recklessly!
The adder misses you.
There is a stone staircase leading up, spattered with blood here.
Things that are here:
a rat skeleton; a ball python skeleton The adder barely misses you.
You climb upwards.
There is a stone staircase leading down here.
You see here a hunting sling.
You closely miss the adder. You bite the adder, but do no damage.
The adder bites you.
* * * LOW HITPOINT WARNING * * *
You are lethally poisoned!
The adder poisons you!
You scratch the adder but do no damage. You bite the adder.
The adder is moderately wounded.
* * * LOW HITPOINT WARNING * * *
You feel sick. The adder completely misses you. The adder bites you.
You die...

........##.##.#.# #.#
...######..#..#.# #.#
...# ##..##..#.#####.#
#.## ##...#...#.......#
#.# ##...##...#########
#.###....##.#.........#
..##....###...#######.#
###.....####..#######÷#
##.....##....>lS@..##.#
#......#..########.##.#
......##.## #÷##.#
......#..# #.##.#
#.......## #.##.#
######### #.##.#
#.##.### #.##...#
#.####.#


You could see an adder and a leopard gecko.

Vanquished Creatures
  An adder (D:2)
  A dart slug (D:1)
  3 leopard geckos (D:1)
  7 bats (D:1)
  2 giant cockroaches (D:1)
  4 goblins
  5 hobgoblins
  A ball python (D:2)
  A kobold (D:1)
  7 rats
32 creatures vanquished.

Notes
Turn   | Place    | Note
-------+----------+-------------------------------------------
     0 | D:1      | Descartes the Felid Monk began the quest for the Orb.
     0 | D:1      | Reached XP level 1. HP: 10/10 MP: 2/2
   184 | D:1      | Reached XP level 2. HP: 7/14 MP: 3/3
  1525 | D:1      | Reached XP level 3. HP: 17/17 MP: 4/4
  1862 | D:1      | Slain by an adder

Skill      XL: |  1 |
---------------+----+-----
Stealth        | 3 |  3.6
Fighting       | |  3.2
Dodging        | |  4.7
Unarmed Combat | |  3.4

Action                   || total
-------------------------++-------
Melee: Unarmed           ||    87
       Bite              ||     9
       Punch             ||     1
  Use: Potion            ||     5
 Stab: Sleeping          ||     6
  Eat: Chunk             ||     9
Armor: Skin              ||     5
Dodge: Dodged            ||    85
